 Dungeon Crawl Stone Soup version 0.17.0-28-g6e173f8 (webtiles) character file.

186 4thArraOfDagon the Chopper (level 5, -1/70 HPs)
             Began as a Minotaur Berserker on Nov 26, 2015.
             Was a Believer of Trog.
             Slain by a water moccasin zombie (4 damage)
             ... on level 7 of the Dungeon.
             The game lasted 00:02:37 (520 turns).

4thArraOfDagon the Chopper (Minotaur Berserker)      Turns: 520, Time: 00:02:37

Health: -1/70      AC:  7    Str: 26    XL:     5   Next: 38%
Magic:  4/4        EV: 10    Int:  5    God:    Trog [**....]
Gold:   25         SH:  0    Dex: 10    Spells: 0 memorised, 4 levels left

rFire  . . .     SeeInvis .     a - +0 hand axe
rCold  . . .     Clarity  .     e - +0 scale mail
rNeg   . . .     SustAt   .     (no shield)
rPois  .         Gourm    .     (helmet restricted)
rElec  .         Spirit   .     (no cloak)
rCorr  .         Warding  .     (no gloves)
rMut   .         Stasis   .     (no boots)
MR     ++...                    (no amulet)
Stlth  ..........               (no ring)
                                (no ring)

@: berserking, lethally poisoned (-1 -> -1), regenerating, very quick, very
resistant to hostile enchantments, extremely unstealthy
A: retaliatory headbutt, horns 2
a: Berserk, Trog's Hand, Burn Spellbooks, Renounce Religion


You were on level 7 of the Dungeon.
You worshipped Trog.
Trog was pleased with you.
You were not hungry.

You visited 1 branch of the dungeon, and saw 7 of its levels.

You collected 25 gold pieces.

Inventory:

Hand Weapons
 a - a +0 hand axe (weapon)
Armour
 e - a +0 scale mail (worn)
Scrolls
 b - a scroll of remove curse {unknown}
 j - a scroll of teleportation {unknown}
 k - a scroll of identify {unknown}
Potions
 d - a potion of cancellation {unknown}
 g - 2 potions of lignification {unknown}
 h - a potion of haste {unknown}
Comestibles
 c - a bread ration
 f - a chunk of flesh
 i - a meat ration


   Skills:
 + Level 4.8 Fighting
 * Level 5.6 Axes
 + Level 4.2 Armour
 - Level 2.1 Dodging


You had 4 spell levels left.
You didn't know any spells.

Dungeon Overview and Level Annotations

Branches:
Dungeon (7/15)
 Temple: D:4-7

Altars:


Innate Abilities, Weirdness & Mutations

You reflexively headbutt those who attack you in melee.
You have a pair of horns on your head.


Message History

The crimson imp grinds its teeth.
Unknown command.
Unknown command.
You closely miss the worker ant. Your headbutt misses the worker ant.
The worker ant is heavily wounded.
You completely miss the water moccasin zombie.
You feel sick.
The water moccasin zombie barely misses you.
You furiously retaliate!
You headbutt the water moccasin zombie. The worker ant barely misses you.
Unknown command.
Unknown command.
Unknown command.
You closely miss the worker ant. You headbutt the worker ant!
You kill the worker ant!
Trog accepts your kill.
You barely miss the orc.
You closely miss the water moccasin zombie.
The water moccasin zombie bites you.
You die...

######### #.oo@...#
##.oZ5(..############.
.........(..............
..........(..#.......##
..................<...#
.............#........#
...........#.###.####.#
#..........#.# #.# #
.Z........#[# #.#


You could see a crimson imp, 3 orcs and a water moccasin zombie.

Vanquished Creatures
  A centaur (D:7)
  2 worker ants
  An ooze (D:1)
  An adder zombie (D:5)
  15 orcs
  A ball python (D:4)
  3 bats
  4 hobgoblins
  A quokka (D:5)
  2 giant newts (D:1)
  2 goblins (D:1)
  3 kobolds
36 creatures vanquished.

Notes
Turn   | Place    | Note
--------------------------------------------------------------
     0 | D:1      | 4thArraOfDagon the Minotaur Berserker began the quest for the Orb.
     0 | D:1      | Reached XP level 1. HP: 19/19 MP: 0/0
    60 | D:1      | Reached XP level 2. HP: 22/27 MP: 1/1
    63 | D:1      | Reached skill level 4 in Axes
   168 | D:3      | Reached XP level 3. HP: 31/33 MP: 2/2
   197 | D:3      | Reached ** piety under Trog
   316 | D:4      | Reached XP level 4. HP: 40/40 MP: 3/3
   360 | D:5      | Entered Level 5 of the Dungeon
   362 | D:5      | Noticed a phantom
   406 | D:5      | Noticed an ogre
   504 | D:7      | Noticed a centaur
   516 | D:7      | Killed a centaur
   516 | D:7      | Reached skill level 5 in Axes
   516 | D:7      | Reached XP level 5. HP: 4/47 MP: 4/4
   518 | D:7      | HP: 2/70 [worker ant (4)]
   520 | D:7      | Slain by a water moccasin zombie

Action                   |  1- 3 |  4- 6 || total
-------------------------+-------+-------++-------
Melee: Hand axe          |    29 |    23 ||    52
Invok: Berserk           |     4 |     1 ||     5
       Trog's Hand       |       |     1 ||     1
  Eat: Chunk             |     1 |     2 ||     3
